Map: Purity and Industry LE

Players

prospeKt - Winner!

  • Race: Zerg Zerg
  • League: Platinum
  • Spawn Location: 3:00

daizer

  • Race: Terran Terran
  • League: Platinum
  • Spawn Location: 12:00

VOD

Have the link to the VOD?

Description

Time

  • Played on: June 3, 2020, 7:55 a.m.
  • Length: 20:44
Show
View Real Time Build Order
Export as new Build Order

prospeKt Zerg - Winner!

Build Orders: Hatch First 

Get SALT Encoding   

  12  0:01  Drone  
  13  0:13  Overlord  
  13  0:17  Drone  
  14  0:31  Drone x2  
  16  0:37  Drone  
  17  0:58  Hatchery  
  17  0:59  Drone  
  17  1:01  Drone  
  18  1:16  Spawning Pool  
  18  1:17  Drone  
  18  1:24  Drone  
  19  1:28  Drone, Extractor  
  19  1:39  Drone  
  20  1:58  Drone  
  21  2:05  Drone  
  22  2:11  Queen x2  
  22  2:12  Overlord  
  22  2:13  Drone  
  27  2:27  Drone  
  27  2:28  Overlord  
  28  2:33  Drone x2  
  30  2:42  Drone  
  31  2:44  Drone  
  31  2:47  Queen  
  34  2:52  Lair  
  34  2:54  Drone x2  
  36  3:04  Overlord  
  36  3:07  Drone  
  37  3:16  Drone x2  
  39  3:24  Drone  
  39  3:25  Drone x5  
  45  3:36  Roach Warren, Drone x2  
  45  3:39  Evolution Chamber  
  45  3:42  Overlord  
  45  3:46  Drone  
  46  3:52  Drone  
  46  3:53  Drone x3  
  50  3:58  Extractor  
  50  4:01  Extractor  
  48  4:03  Drone x5  
  48  4:08  Hatchery  
  52  4:15  Overlord  
  52  4:23  Roach  
  52  4:24  Roach x3  
  60  4:34  Roach x2  
  60  4:35  Drone  
  65  4:47  Roach  
  65  4:48  Glial Reconstitution  
  65  4:49  Zerg Missile Weapons Level 1  
  67  4:54  Drone  
  67  4:59  Overlord x2  
  68  5:10  Evolution Chamber  
  67  5:14  Hydralisk Den  
  67  5:15  Drone x2  
  67  5:16  Extractor  
  67  5:18  Drone x2  
  67  5:19  Drone x4  
  73  5:31  Drone  
  73  5:32  Drone x3  
  77  5:41  Zerg Ground Armor Level 1  
  77  5:46  Drone x5  
  82  5:56  Extractor  
  82  5:57  Overlord, Extractor  
  80  5:58  Overlord x3  
  80  6:01  Drone x4  
  84  6:06  Hatchery  
  83  6:17  Drone x3  
  86  6:28  Drone  
  86  6:29  Drone x3  
  90  6:38  Grooved Spines  
  90  6:49  Drone  
  90  6:50  Drone x10  
  101  7:05  Drone x3  
  101  7:08  Hydralisk x9  
  122  7:26  Overlord x4  
  122  7:29  Hydralisk x3  
  128  7:43  Zerg Missile Weapons Level 2, Zerg Ground Armor Level 2  
  128  7:49  Muscular Augments, Infestation Pit  
  127  7:56  Hydralisk x13  
  153  8:06  Spore Crawler  
  153  8:09  Spine Crawler, Spore Crawler  
  150  8:13  Spine Crawler, Drone x4  
  150  8:14  Drone  
  150  8:15  Spine Crawler, Hydralisk x3  
  150  8:17  Overlord  
  159  8:33  Drone  
  160  8:37  Spore Crawler  
  160  8:38  Extractor  
  160  8:40  Spine Crawler, Extractor  
  154  8:41  Drone x3  
  154  8:42  Hydralisk x6  
  154  8:43  Spine Crawler  
  166  8:54  Hydralisk x9  
  168  8:56  Overlord x2  
  168  9:04  Hydralisk  
  158  9:20  Hive, Hydralisk x5  
  134  9:53  Hydralisk x10  
  134  9:56  Hatchery, Overlord  
  134  9:57  Overlord x4  
  154  10:14  Drone x3  
  154  10:17  Hydralisk x9  
  174  10:38  Hatchery  
  174  10:39  Hatchery  
  174  10:42  Hatchery  
  171  10:49  Overseer x2  
  167  11:02  Hydralisk x15  
  121  11:17  Hydralisk x8  
  133  11:28  Drone x3  
  136  11:43  Spore Crawler  
  136  11:44  Extractor x2  
  136  11:46  Spine Crawler  
  132  11:48  Drone x5  
  132  11:49  Spine Crawler  
  132  11:50  Hydralisk x14  
  154  12:06  Overseer  
  154  12:08  Hydralisk x6  
  160  12:37  Hatchery  
  160  12:43  Hydralisk x5  
  160  12:44  Hydralisk x11  
  191  13:09  Overseer  
  191  13:10  Hydralisk, Overseer x2  
  191  13:11  Hydralisk x3  
  199  13:20  Drone  
  136  13:34  Hydralisk x12  
  136  13:35  Hydralisk x6  
  136  13:45  Overseer x3  
  122  13:53  Hydralisk  
  122  13:54  Hydralisk x5  
  124  14:19  Hydralisk x12  
  130  14:33  Drone x4  
  130  14:34  Drone x5  
  130  14:35  Drone  
  130  14:37  Hydralisk x7  
  134  14:40  Hatchery  
  134  14:45  Overlord x6  
  127  14:46  Overseer  
  127  14:47  Overseer x2  
  124  14:58  Hydralisk x6  
  116  15:15  Hydralisk x7  
  130  15:27  Hydralisk x2  
  130  15:28  Hydralisk x3  
  134  15:37  Zerg Missile Weapons Level 3, Zerg Ground Armor Level 3  
  134  15:42  Drone x2  
  136  16:02  Hydralisk x5  
  136  16:03  Hydralisk x4  
  154  16:30  Hydralisk x4  
  154  16:31  Hydralisk x10  
  152  16:56  Hydralisk x13  
  162  17:20  Hydralisk x3  
  162  17:21  Hydralisk x10  
  168  17:37  Hydralisk x7  
  166  17:54  Hydralisk  
  166  17:55  Hydralisk x7  
  150  18:13  Drone x2  
  150  18:14  Hydralisk x7, Extractor x2  
  164  18:26  Hydralisk x5  
  136  18:57  Hatchery  
  127  19:19  Unknown  
  126  19:25  Overseer x3  
  126  19:30  Hydralisk x15  
  126  19:31  Hydralisk x5  
  156  20:04  Hydralisk x7  
  156  20:05  Hydralisk x9  
  188  20:17  Spire  
Show
View Real Time Build Order
Export as new Build Order

daizer Terran 

Build Orders: Mech 

Get SALT Encoding   

  12  0:01  SCV  
  13  0:16  Supply Depot  
  13  0:18  SCV  
  14  0:30  SCV  
  15  0:41  Barracks  
  15  0:45  Refinery  
  15  0:46  SCV  
  16  0:58  SCV  
  17  1:11  SCV  
  18  1:28  Marine, Orbital Command  
  19  1:49  Supply Depot  
  19  1:53  Barracks Tech Lab  
  19  2:01  Command Center  
  19  2:16  Factory  
  19  2:19  Marine, SCV  
  21  2:37  Marine, SCV  
  23  2:57  Refinery  
  23  3:06  SCV  
  27  3:12  Siege Tank  
  27  3:15  Barracks Reactor  
  27  3:18  SCV  
  28  3:23  Orbital Command  
  28  3:28  Bunker  
  28  3:33  Supply Depot  
  28  3:38  SCV  
  29  3:48  Siege Tank  
  29  3:50  SCV  
  29  3:51  SCV  
  34  4:02  SCV  
  35  4:04  SCV  
  35  4:06  Marine  
  35  4:07  Refinery, Marine  
  38  4:11  Factory  
  38  4:14  SCV  
  39  4:23  Siege Tank  
  42  4:24  Marine x2  
  42  4:25  SCV  
  42  4:26  SCV  
  46  4:38  SCV x2, Supply Depot  
  47  4:42  Marine x2  
  50  4:50  SCV x2  
  52  4:56  Factory Reactor, Supply Depot  
  55  5:00  Factory, Siege Tank  
  55  5:02  SCV  
  55  5:03  SCV  
  55  5:06  Marine x2  
  59  5:13  Refinery  
  59  5:14  SCV  
  59  5:15  Engineering Bay  
  59  5:18  SCV  
  61  5:39  Command Center  
  61  5:40  SCV  
  61  5:41  SCV  
  63  5:47  Bunker  
  63  5:49  Marine, Widow Mine x2  
  70  5:52  Marine, Factory Reactor  
  70  5:53  SCV  
  70  5:56  Terran Infantry Armor Level 1  
  70  5:59  Armory  
  70  6:07  SCV x2  
  70  6:08  Supply Depot x2  
  70  6:10  Widow Mine  
  74  6:17  Marine x2  
  76  6:20  SCV  
  77  6:31  SCV  
  77  6:32  SCV  
  79  6:39  Supply Depot  
  79  6:41  Siege Tank, Widow Mine x2  
  79  6:44  SCV x2  
  88  6:48  Terran Vehicle Weapons Level 1  
  88  6:50  Factory, Drilling Claws  
  88  6:55  Orbital Command  
  88  6:56  SCV x2  
  87  7:08  SCV  
  87  7:09  SCV  
  87  7:10  Marine x2  
  87  7:11  Refinery  
  87  7:13  Siege Tank, Widow Mine  
  96  7:19  Supply Depot  
  96  7:20  SCV  
  97  7:24  SCV x2  
  97  7:28  Marine  
  100  7:33  SCV  
  100  7:36  SCV x2  
  103  7:42  Factory Tech Lab  
  103  7:45  Factory, SCV, Siege Tank  
  103  7:49  Widow Mine  
  103  7:50  Widow Mine  
  111  7:57  Supply Depot x2  
  111  8:03  Sensor Tower  
  111  8:04  Refinery  
  111  8:07  Marine x2  
  111  8:12  Siege Tank  
  116  8:13  Widow Mine  
  116  8:17  Siege Tank  
  117  8:24  Marine  
  117  8:25  Marine  
  120  8:27  Widow Mine x2  
  120  8:28  Widow Mine  
  123  8:42  Marine x2  
  123  8:44  Siege Tank  
  128  8:49  Siege Tank  
  130  8:56  Widow Mine x4  
  130  9:00  Supply Depot  
  118  9:16  Thor  
  113  9:21  Thor  
  117  9:26  Widow Mine x3  
  117  9:27  Widow Mine x2  
  125  9:48  Widow Mine x4  
  125  9:49  Widow Mine  
  135  9:57  Terran Vehicle And Ship Armor Level 1  
  135  9:59  Thor  
  141  10:00  Command Center  
  141  10:01  Supply Depot  
  141  10:04  Thor  
  141  10:06  Refinery  
  147  10:09  Widow Mine  
  149  10:15  Supply Depot  
  149  10:16  Widow Mine x2  
  149  10:17  Widow Mine  
  155  10:22  Factory Reactor  
  155  10:24  Armory  
  155  10:25  SCV x3  
  158  10:30  Widow Mine  
  160  10:37  SCV, Widow Mine  
  160  10:42  Thor  
  169  10:55  Widow Mine x2  
  172  10:58  Widow Mine  
  172  10:59  Widow Mine  
  172  11:01  Thor  
  165  11:16  Widow Mine  
  165  11:20  Widow Mine x3  
  165  11:21  Widow Mine x2  
  165  11:25  Thor  
  181  11:28  Orbital Command  
  181  11:30  SCV  
  181  11:31  SCV x2  
  184  11:35  Marine  
  184  11:36  Marine  
  184  11:38  Widow Mine  
  188  11:52  Thor  
  188  11:53  Marine x2  
  136  12:11  Marine x2  
  138  12:17  Thor  
  138  12:18  Widow Mine x2  
  138  12:19  Widow Mine x2  
  152  12:28  Factory  
  152  12:36  Widow Mine  
  154  12:40  Refinery  
  154  12:41  Widow Mine x3  
  154  12:42  Widow Mine x3  
  166  12:55  Marine x2  
  166  12:56  Thor  
  174  13:00  Thor  
  174  13:01  Command Center  
  180  13:13  Marine x2  
  180  13:15  Widow Mine x2  
  180  13:16  Refinery, Widow Mine  
  188  13:28  Widow Mine  
  188  13:31  Marine x2  
  156  13:40  Siege Tank  
  135  13:43  Siege Tank, Widow Mine x5  
  140  14:07  Widow Mine x3  
  140  14:08  Factory Tech Lab  
  146  14:11  Factory  
  146  14:12  Siege Tank  
  146  14:15  Siege Tank  
  118  14:31  Widow Mine  
  118  14:32  Widow Mine x5  
  120  14:44  Siege Tank  
  123  14:48  Siege Tank  
  123  14:50  SCV  
  127  14:53  Widow Mine x5  
  127  14:54  Widow Mine  
  131  15:02  SCV  
  109  15:14  Widow Mine x2  
  109  15:16  Thor  
  109  15:20  Siege Tank  
  111  15:29  Widow Mine x3  
  111  15:32  Widow Mine  
  119  15:36  Refinery, Widow Mine  
  119  15:41  Marine x2  
  123  15:52  Siege Tank  
  126  15:59  Marine x2, Siege Tank  
  126  16:01  Command Center  
  131  16:04  Refinery  
  131  16:07  Factory Reactor  
  131  16:10  Siege Tank  
  136  16:11  Widow Mine x2  
  136  16:12  Widow Mine x4  
  136  16:17  Marine x2  
  148  16:21  Refinery  
  148  16:24  Thor  
  148  16:31  Siege Tank  
  146  16:33  Widow Mine x6  
  146  16:34  Marine  
  146  16:35  Marine  
  158  16:43  Siege Tank  
  133  16:54  Widow Mine x4  
  133  16:55  Widow Mine  
  141  17:03  Siege Tank  
  141  17:07  Siege Tank  
  147  17:15  Siege Tank  
  117  17:23  Widow Mine x4  
  117  17:24  Widow Mine x4  
  118  17:35  Siege Tank  
  111  17:39  Siege Tank  
  112  17:44  Widow Mine  
  112  17:45  Widow Mine x4  
  112  17:47  Siege Tank  
  117  17:51  Widow Mine  
  117  17:52  Widow Mine  
  118  18:04  Widow Mine  
  103  18:06  Widow Mine x4  
  103  18:07  Siege Tank  
  103  18:11  Thor  
  114  18:19  Thor  
  108  18:23  Widow Mine x3  
  108  18:26  Widow Mine  
  104  18:27  Widow Mine x2  
  101  18:39  Thor  
  79  18:50  Widow Mine x2  
  79  18:52  Widow Mine  
  79  18:53  Widow Mine x3  
  79  18:54  Siege Tank  
  86  19:00  SCV  
  83  19:07  Marine x2, Widow Mine x2  
  77  19:10  SCV  
  77  19:11  Widow Mine x2  
  77  19:12  SCV  
  77  19:14  Widow Mine x2  
  82  19:22  Siege Tank  
  82  19:23  SCV  
  72  19:25  Marine x2, Thor  
  72  19:26  Widow Mine  
  72  19:29  Widow Mine x2  
  77  19:35  SCV  
  67  19:44  Widow Mine x3  
  67  19:51  Widow Mine  
  67  19:52  Widow Mine  
  67  19:54  Thor  
  70  20:06  Widow Mine x2  
  78  20:07  Widow Mine x2  
  78  20:08  SCV  
  83  20:20  SCV  
Tags
 
Add a new tag
Caveats
  • Supply blocks, unpowered buildings, or Contaminate may cause inaccurate times.
  • Supply counts are checked every 10 seconds.